 Dungeon Crawl Stone Soup version 0.23-a0-565-g3e74e4c (webtiles) character file.

77 Mgcat the Ruffian (level 4, -2/45 HPs)
             Began as a Troll Monk on Dec 13, 2018.
             Killed by divine providence
             ... invoked by an orc priest
              (12 damage)
             ... on level 3 of the Dungeon.
             The game lasted 00:03:27 (1794 turns).

Mgcat the Ruffian (Troll Monk)                      Turns: 1794, Time: 00:03:28

Health: -2/45      AC:  5    Str: 20    XL:     4   Next: 14%
Magic:  3/3        EV: 16    Int:  6    God:
Gold:   109        SH:  0    Dex: 17    Spells: 3/3 levels left

rFire    . . .     SeeInvis .     - Unarmed
rCold    . . .     Gourm    +   (no shield)
rNeg     . . .     Faith    .   a - +0 robe
rPois    .         Spirit   .   (helmet restricted)
rElec    .         Reflect  .   (no cloak)
rCorr    .         Harm     .   (gloves unavailable)
MR       .....                  (boots unavailable)
Stlth    +++.......             (no amulet)
HPRegen  0.55/turn              (no ring)
MPRegen  0.08/turn              (no ring)

@: agile
A: large, unfitting armour, claws 3, fast metabolism 3, gourmand, regeneration
1, shaggy fur 1, tough skin 2
a: no special abilities


You were on level 3 of the Dungeon.
You were full.

You visited 1 branch of the dungeon, and saw 3 of its levels.

You collected 109 gold pieces.

Inventory:

Armour
 a - a +0 robe (worn)
Magical Staves
 l - an uncursed staff of air {unknown}
   (You found it on level 2 of the Dungeon)
Scrolls
 c - 3 scrolls of identify {unknown}
 d - 2 scrolls of remove curse {unknown}
 h - a scroll of teleportation {unknown}
 k - a scroll of magic mapping {unknown}
 m - a scroll of noise {unknown}
 n - a scroll of fog {unknown}
Potions
 e - a potion of curing {unknown}
 f - a potion of agility
 g - 2 potions of heal wounds {unknown}
 i - a potion of might {unknown}
 j - a potion of brilliance {unknown}
Comestibles
 b - 5 rations


   Skills:
 + Level 3.1 Fighting
 + Level 3.1 Dodging
 - Level 1.0 Stealth
 + Level 3.7 Unarmed Combat


You had 3 spell levels left.
You didn't know any spells.
Your spell library was empty.

Dungeon Overview and Level Annotations

Branches:
Dungeon (3/15)

Altars:
Fedhas
Trog

Annotations:
D:2 1 runed door


Innate Abilities, Weirdness & Mutations

You are too large for most types of armour.
You have claws for hands.
Your metabolism is lightning-fast.
You like to eat raw meat.
Your natural rate of healing is unusually fast.
You are covered in fur. (AC +1)
You have very tough skin. (AC +2)


Message History

2 adders come into view.
The adder hisses angrily.
You claw the adder!
The adder is severely wounded.
The adder misses you. The adder bites you.
You are poisoned.
The adder poisons you!
You scratch the adder.
The adder is almost dead.
You feel sick. The adder closely misses you.
You closely miss the adder.
The adder is almost dead.
The adder bites you.
You are more poisoned.
The adder poisons you!
You claw the adder!
You kill the adder!
You have reached level 4!
You feel sick.
You start resting.
You feel sick. x11
HP restored.
You feel sick.
You start resting.
HP restored.
You start resting.
You feel sick. x2
You are no longer poisoned.
You start resting.
HP restored.
The adder hisses angrily.
The adder is too close now for your liking.
You scratch the adder.
The adder is heavily wounded.
The adder bites you.
You scratch the adder.
The adder is severely wounded.
The adder bites you.
You miss the adder.
The adder is severely wounded.
The adder closely misses you. The adder bites you.
You scratch the adder.
You kill the adder!
No target in view!
No target in view!
You butcher the adder corpse.
n - 2 chunks of flesh {@w0} You see here an adder skeleton. x2
Eating one of 2 chunks of flesh {@w0}.
You eat one of the 2 chunks of flesh {@w0}.
This raw flesh tastes great.
Eating a chunk of flesh {@w0}.
You eat the chunk of flesh {@w0}.
This raw flesh tastes great.
n - a scroll labeled ASIUXK LESEKI The orc wizard shouts!
You hear a shout!
A frilled lizard comes into view.
A hobgoblin comes into view. It is wielding a +0 club.
The frilled lizard hisses angrily.
The orc wizard drinks a potion.
The orc wizard suddenly seems more agile.
The orc priest calls down the wrath of Beogh upon you.
Beogh smites you!
You start resting.
The hobgoblin is too close now for your liking.
You scratch the orc wizard.
The orc wizard is lightly wounded.
You closely miss the orc wizard.
The orc wizard is lightly wounded.
The orc wizard casts a spell at you. The puff of frost hits you!
You scratch the orc wizard.
The orc wizard is moderately wounded.
The orc priest hits you but does no damage.
The orc wizard looks encouraged for a moment.
You scratch the orc wizard.
The orc wizard is moderately wounded.
The orc priest hits you but does no damage.
The orc wizard hits you with a +0 dagger.
You feel agile all of a sudden.
The orc priest hits you with a cursed -2 short sword.
The orc wizard closely misses you.
You scratch the orc wizard.
The orc wizard is heavily wounded.
The orc priest closely misses you.
The orc wizard hits you with a +0 dagger.
You scratch the orc wizard.
The orc wizard is almost dead.
The orc priest invokes the aid of Beogh against you.
Beogh smites you!
* * * LOW HITPOINT WARNING * * *
You miss the orc wizard.
The orc wizard is almost dead.
The orc wizard casts a spell at you. The puff of frost hits you!
* * * LOW HITPOINT WARNING * * *
The orc priest hits you but does no damage.
You closely miss the orc wizard.
The orc wizard is almost dead.
The orc wizard hits you but does no damage.
The orc priest invokes the aid of Beogh against you.
Beogh smites you!
You die...

......... ... ..
#.##...[ ..#.#. #
#...... ..... ..
.#..#.. ... ...
.#..#.########.## ..##
.#..#.#.........##l...#
...............g.oo....
....#.#.......#o##....
##..#.#.......#o@# #
##..#.#.......##.#
.........รท....##..
##..###.......###.#
#..............#.#
#...........##.#..
#.#####.##.## .##.# #..
.....# # .# #.. ......#


You could see an orc priest, an orc wizard and a hobgoblin.

Vanquished Creatures
  4 adders
  An ooze (D:2)
  A worm (D:2)
  6 orcs
  2 goblins
  3 hobgoblins
  A quokka (D:2)
  5 bats
  2 frilled lizards
  5 kobolds
  A rat (D:2)
31 creatures vanquished.

Notes
Turn   | Place    | Note
-------+----------+-------------------------------------------
     0 | D:1      | Mgcat the Troll Monk began the quest for the Orb.
     0 | D:1      | Reached XP level 1. HP: 22/22 MP: 0/0
   810 | D:2      | Reached XP level 2. HP: 29/29 MP: 1/1
   994 | D:2      | Found a blossoming altar of Fedhas.
  1038 | D:2      | Reached XP level 3. HP: 20/36 MP: 2/2
  1234 | D:2      | Found a runed door.
  1278 | D:2      | Found a bloodstained altar of Trog.
  1630 | D:2      | Reached skill level 3 in Fighting
  1632 | D:2      | Reached skill level 3 in Dodging
  1720 | D:3      | Reached XP level 4. HP: 36/45 MP: 3/3
  1792 | D:3      | HP: 10/45 [orc priest/divine providence (14)]
  1794 | D:3      | Killed from afar by an orc priest

Vault maps used:
D:1:      co_arrival_hexagon_in_a_hexagon, serial_rivers,
          chequers_serial_rivers_micro_b, chequers_serial_rivers_micro_b,
          chequers_serial_rivers_large_a, chequers_serial_rivers_marsh,
          chequers_serial_rivers_small_b, chequers_serial_rivers_micro_c,
          minivault_5, kennysheep_decorative_pillar
D:2:      bloody_trog, fedhas_altar_2, uniq_crazy_yiuf_cottage
D:3:      fiery_altar_vehumet, nicolae_overflow_crystal_walls, xom_teletrap_fun,
          first_ration

Skill      XL: |  1  2  3 |
---------------+----------+-----
Fighting       | 3 |  3.1
Dodging        | 3 |  3.1
Stealth        | |  1.0
Unarmed Combat | |  3.7

Action                   |  1- 3 |  4- 6 || total
-------------------------+-------+-------++-------
Melee: Unarmed           |    82 |    12 ||    94
  Use: Potion            |       |     1 ||     1
  Eat: Chunk             |    16 |     2 ||    18
Armor: Robe              |    36 |     4 ||    40
Dodge: Dodged            |    33 |     3 ||    36

Table legend:
 A = Non-vault XP
 B = Vault XP
 C = Vault XP percentage of total XP
 D = Non-vault monster count
 E = Vault monster count
 F = Vault count percentage of total count
                 A         B        C        D         E       F
            +---------+---------+-------+---------+---------+-------
      Total |     111 |       0 |   0.0 |      31 |       0 |   0.0
            +---------+---------+-------+---------+---------+-------
        D:1 |      11 |       0 |   0.0 |       8 |       0 |   0.0
        D:2 |      70 |       0 |   0.0 |      19 |       0 |   0.0
        D:3 |      30 |       0 |   0.0 |       4 |       0 |   0.0
            +---------+---------+-------+---------+---------+-------

Vault maps used:
D:1:      co_arrival_hexagon_in_a_hexagon, serial_rivers,
          chequers_serial_rivers_micro_b, chequers_serial_rivers_micro_b,
          chequers_serial_rivers_large_a, chequers_serial_rivers_marsh,
          chequers_serial_rivers_small_b, chequers_serial_rivers_micro_c,
          minivault_5, kennysheep_decorative_pillar
D:2:      bloody_trog, fedhas_altar_2, uniq_crazy_yiuf_cottage
D:3:      fiery_altar_vehumet, nicolae_overflow_crystal_walls, xom_teletrap_fun,
          first_ration

Table legend:
 A = Turns spent in this place as a percentage of turns spent in the entire game.
 B = Non-inter-level travel turns spent in this place as a percentage of non-inter-level travel turns spent in the entire game.
 C = Inter-level travel turns spent in this place as a percentage of turns spent in this place.
 D = Turns resting spent in this place as a percentage of non-inter-level travel turns spent in this place.
 E = Turns spent auto-exploring this place as a percentage of non-inter-level travel turns spent in this place.
 F = Non-inter-level travel turns spent in this place divided by the number of levels of this place that you've seen.
                   A       B       C       D       E      F
               +-------+-------+-------+-------+-------+----------------------
         Total | 100.0 | 100.0 |   5.6 |   2.9 |  84.5 | 564.7
       Dungeon | 100.0 | 100.0 |   5.6 |   2.9 |  84.5 | 564.7
               +-------+-------+-------+-------+-------+----------------------

Table legend:
 A = Kills in this place as a percentage of kills in entire the game.
 B = Kills by you in this place as a percentage of kills by you in the entire game.
 C = Kills by friends in this place as a percentage of kills by friends in the entire game.
 D = Other kills in this place as a percentage of other kills in the entire game.
 E = Experience gained in this place as a percentage of experience gained in the entire game.
 F = Experience gained in this place divided by the number of levels of this place that you have seen.
                   A       B       C       D       E      F
               +-------+-------+-------+-------+-------+----------------------
         Total | 100.0 | 100.0 |   N/A |   N/A | 100.0 |  37.0
       Dungeon | 100.0 | 100.0 |   N/A |   N/A | 100.0 |  37.0
               +-------+-------+-------+-------+-------+----------------------
